 Dungeon Crawl Stone Soup version 0.31-a0-986-g5e6e4ef867 (webtiles) character file.

Game seed: 3035447542323914321

244 FakeRyeBread the Ruffian (level 5, -1/53 HPs)
             Began as a Troll Fighter on Nov 9, 2023.
             Was an Initiate of Wu Jian.
             Slain by Pikel
             ... wielding a +2 whip of freezing
              (3 damage)
             ... on level 4 of the Dungeon.
             The game lasted 00:03:39 (2120 turns).

FakeRyeBread the Ruffian (Troll Fighter)            Turns: 2120, Time: 00:03:40

Health: -1/53      AC:  4    Str: 24    XL:     5   Next: 83%
Magic:  4/4        EV:  9    Int:  6    God:    Wu Jian [......]
Gold:   120        SH:  8    Dex: 12    Spells: 4/4 levels left

rFire   + .          .
                       - Unarmed
rCold   . . .        b - +0 kite shield
rNeg    . . .        a - +0 robe
rPois   .            (helmet restricted)
rElec   .            (no cloak)
rCorr   .            (gloves unavailable)
SInv    .            (boots unavailable)
Will    .....        (no amulet)
Stlth   +            h - ring of flight
HPRegen 1.08/turn    l - ring "Heacin" {rF+ Dex+3}
MPRegen 0.09/turn

%: no passive effects
@: flying
A: large, unfitting armour, claws 3, regeneration 1, shaggy fur 1, tough skin 1
a: Renounce Religion


You were on level 4 of the Dungeon.
You worshipped Wu Jian.
Wu Jian was noncommittal.
You visited 1 branch of the dungeon, and saw 4 of its levels.

You collected 120 gold pieces.

Inventory:

Missiles
 k - 6 poisoned darts
Armour
 a - a +0 robe (worn)
 b - a +0 kite shield (worn)
Jewellery
 h - a ring of flight (left claw)
 l - the ring "Heacin" (right claw) {rF+ Dex+3}
   (You found it on level 3 of the Dungeon)

   [ring of protection from fire]

   Dex+3:     It affects your dexterity (+3).
   rF+:       It protects you from fire.
Scrolls
 d - 3 scrolls of teleportation
 f - 2 scrolls of noise
Potions
 e - a potion of berserk rage
 g - a potion of brilliance
 i - a potion of heal wounds {unknown}
 m - a potion of curing {unknown}


   Skills:
 + Level 3.4 Fighting
 - Level 2.4 Dodging
 + Level 3.7 Shields
 * Level 4.6 Unarmed Combat


You had 4 spell levels left.
You didn't know any spells.
Your spell library was empty.

Dungeon Overview and Level Annotations

Branches:
Dungeon (4/15)
 Temple: D:4-7

Altars:
Dithmenos
Wu Jian

Shops:
D:3 *

Annotations:
D:4 Pikel


Innate Abilities, Weirdness & Mutations

You are too large for most types of armour.
You have claws for hands.
Your natural rate of healing is unusually fast.
You are covered in fur. (AC +1)
You have tough skin. (AC +1)


Message History

The lemure is severely wounded.
The lemure hits you but does no damage.
You claw the lemure!
You kill the lemure!
That felt strangely unrewarding.
No target in view!
Pikel and 3 lemures come into view.
Pikel is wielding a +2 whip of freezing.
Pikel shouts!
The lemure shouts! x3
There are monsters nearby!
There are monsters nearby!
You feel your willpower return.
You lunge at Pikel.
You claw Pikel!
Pikel is moderately wounded.
Pikel hits you with a +2 whip of freezing!
Pikel freezes you.
You claw Pikel!
Pikel is heavily wounded.
Pikel hits you with a +2 whip of freezing!
Pikel freezes you.
You claw Pikel!
Pikel is almost dead.
The lemure hits you.
Pikel hits you with a +2 whip of freezing.
Pikel freezes you.
You closely miss Pikel.
Pikel is almost dead.
The lemure hits you. x2
Pikel hits you with a +2 whip of freezing!
* * * LOW HITPOINT WARNING * * *
Pikel freezes you.
* * * LOW HITPOINT WARNING * * *
You completely miss Pikel.
Pikel is almost dead.
The lemure closely misses you.
Pikel hits you with a +2 whip of freezing!
* * * LOW HITPOINT WARNING * * *
Pikel freezes you.
You die...
Pikel says, "See you in Hell!"

#.### ##### ##...# #...#
#....# ####...# #....#
#....<.# #...<# #.#....#
#[...# #.#.!..#######
##....#####............#
#......>........5...##
#....#######...[@55<#
#.### #.....K...... #.
###...#...... #
#####...... ..... #####


You could see Pikel and 3 lemures.

Vanquished Creatures
  Sigmund (D:3)
  A lemure (D:4)
  4 adders
  A worm (D:2)
  A dart slug (D:2)
  An orc (D:3)
  3 bats (D:2)
  2 endoplasms
  3 giant cockroaches (D:2)
  3 goblins
  A hobgoblin (D:2)
  2 quokkas
  5 ball pythons
  3 frilled lizards
  4 kobolds
  9 rats
44 creatures vanquished.

Notes
Turn   | Place    | Note
-------+----------+-------------------------------------------
     0 | D:1      | FakeRyeBread the Troll Fighter began the quest for the Orb.
     0 | D:1      | Reached XP level 1. HP: 22/22 MP: 0/0
   319 | D:1      | Found a faded altar of an unknown god.
   624 | D:2      | Reached XP level 2. HP: 29/29 MP: 1/1
   755 | D:2      | Reached XP level 3. HP: 22/36 MP: 2/2
   877 | D:2      | Found a shadowy altar of Dithmenos.
   883 | D:2      | Reached skill level 3 in Unarmed Combat
  1452 | D:3      | Found an ornate altar of the Wu Jian Council.
  1456 | D:3      | Noticed Sigmund
  1461 | D:3      | Killed Sigmund
  1462 | D:3      | Reached skill level 4 in Unarmed Combat
  1462 | D:3      | Reached XP level 4. HP: 15/45 MP: 3/3
  1462 | D:3      | Reached XP level 5. HP: 18/53 MP: 4/4
  1465 | D:3      | Became a worshipper of the Wu Jian Council
  1651 | D:3      | Found Veoprogh's General Store.
  1785 | D:3      | Identified the ring "Heacin" {rF+ Dex+3}
  2104 | D:4      | Noticed a lemure
  2113 | D:4      | Killed a lemure
  2114 | D:4      | Noticed Pikel
  2114 | D:4      | Noticed a lemure
  2114 | D:4      | Noticed a lemure
  2114 | D:4      | Noticed a lemure
  2120 | D:4      | HP: 2/53 [Pikel/+2 whip of freezing (8)]
  2120 | D:4      | Slain by Pikel

Illustrated notes

Levels and vault maps discovered:
D:1:      roadster_arrival_rocket_large, layout_basic,
          dilly_ecumenical_altar_fadedgnrine, kennysheep_pointless_box
D:2:      kb_forest_paths, layout_loops_cross, basic_altar, minivault_11,
          nicolae_concentric_dashed_squares_mild, kennysheep_generic_room_7
D:3:      layout_basic, nzn_wu_jian_council_hall, serial_shops, shop,
          moated_statue, uniq_sigmund
D:4:      layout_basic, nicolae_overflow_crystal_walls, kennysheep_little_box,
          uniq_grinder, uniq_pikel

Skill      XL: |  1  2  3 |
---------------+----------+-----
Shields        | 3 |  3.7
Unarmed Combat | 4 |  4.6
Fighting       | 3 |  3.4
Dodging        | |  2.4

Action                     |  1- 3 |  4- 6 || total
---------------------------+-------+-------++-------
  Melee: Unarmed           |    85 |    38 ||   123
Ability: Lunge             |       |     7 ||     7
    Use: Scroll            |     3 |     4 ||     7
         Potion            |     1 |       ||     1
 Armour: Robe              |    49 |    18 ||    67
  Dodge: Dodged            |    24 |     7 ||    31
  Block: Kite shield       |    24 |     7 ||    31

Table legend: (Time is in decaauts)
 A = Elapsed time spent in this place.
 B = Non-inter-level travel time spent in this place.
 C = Inter-level travel time spent in this place.
 D = Time resting spent in this place.
 E = Time spent auto-exploring this place.
 F = Levels seen in this place.
 G = Mean time per level.
                   A        B        C        D        E       F      G
               +--------+--------+--------+--------+--------+-----+--------+
         Total |   2125 |   1981 |    144 |     28 |   1649 |   4 |  531.2 |
       Dungeon |   2125 |   1981 |    144 |     28 |   1649 |   4 |  531.2 |
               +--------+--------+--------+--------+--------+-----+--------+

Top non-repeatable levels by time:
     D:3: 801 daAuts
     D:2: 740 daAuts
     D:1: 557 daAuts
     D:4: 25 daAuts
